 Dungeon Crawl Stone Soup version 0.30-a0-389-g8d7d949 (webtiles) character file.

Game seed: 5618870881770218116

122 BarneyGumball the Digger (level 5, -7/31 HPs)
             Began as an Octopode Earth Elementalist on Dec 3, 2022.
             Mangled by a water moccasin (10 damage)
             ... in a sewer.
             The game lasted 00:12:31 (1963 turns).

BarneyGumball the Digger (OpEE)                     Turns: 1963, Time: 00:12:32

Health: -7/31      AC:  1    Str:  8    XL:     5   Next: 6%
Magic:  6/8        EV: 13    Int: 19    God:
Gold:   113        SH:  0    Dex: 12    Spells: 5/9 levels left

rFire   . . .      SeeInvis .    g - +2 spear (freeze)
rCold   . . .      Faith    .    (no shield)
rNeg    . . .      Spirit   .    (helmet restricted)
rPois   .          Reflect  .    f - amulet of magic regeneration
rElec   .          Harm     .    (no ring)
rCorr   .          Rampage  .    (no ring)
Will    .....                    (no ring)
Stlth   +++.......               (no ring)
HPRegen 0.25/turn                (no ring)
MPRegen 0.51/turn                (no ring)
                                 (no ring)
                                 (no ring)

@: lethally poisoned (-7 -> -23)
A: almost no armour, amphibious, 8 rings, camouflage 1, gelatinous body 1,
(nimble swimmer 1), tentacles
a: no special abilities


You were in a sewer.
You visited 1 branch of the dungeon, and saw 3 of its levels.
You also visited: Sewer.

You collected 113 gold pieces.

Inventory:

Hand Weapons
 g - a +2 spear of freezing (weapon)
 m - a +0 sling
Missiles
 l - 3 atropa-tipped darts
Jewellery
 f - an amulet of magic regeneration (around mantle)
Scrolls
 b - 4 scrolls of identify {unknown}
 d - a scroll of fear {unknown}
 i - 2 scrolls of amnesia {unknown}
 j - a scroll of noise {unknown}
 p - a scroll of butterflies {unknown}
 q - a scroll of summoning {unknown}
 r - a scroll of magic mapping {unknown}
Potions
 a - a potion of magic
 c - 2 potions of curing {unknown}
 e - a potion of attraction {unknown}
 h - a potion of resistance {unknown}
 k - a potion of mutation {unknown}
 n - a potion of haste {unknown}
 o - a potion of flight {unknown}
 s - a potion of invisibility {unknown}


   Skills:
 - Level 2.0 Dodging
 - Level 4.0 Stealth
 - Level 2.6 Spellcasting
 + Level 1.9 Conjurations
 - Level 1.0 Transmutations
 + Level 4.1 Earth Magic


You had 5 spell levels left.
You knew the following spells:

 Your Spells              Type           Power      Damage    Failure   Level
a - Sandblast             Erth           36%        2d10      2%          1
b - Stone Arrow           Conj/Erth      28%        3d8       14%         3

Your spell library contained the following spells:

 Spells                   Type           Power      Damage    Failure   Level
 Passwall                 Tmut/Erth      10%        N/A       9%          2
 Petrify                  Tmut/Erth      12%        N/A       47%         4


Dungeon Overview and Level Annotations

Branches:
Dungeon (3/15)              Sewer (1/1)

Altars:


Innate Abilities, Weirdness & Mutations

You cannot wear most types of armour.
You are amphibious.
You can wear up to eight rings at the same time.
Your skin changes colour to match your surroundings (Stealth+).
Your rubbery body absorbs attacks. (AC +1, EV +1)
((You are camouflaged when in or above water. (Stealth+)))
You have tentacles for arms and can constrict up to eight enemies at once.


Message History

Aiming: Sandblast (safe; 2% risk of failure)
Press: ? - help, Shift-Dir - straight line, f - water moccasin
Aim: a water moccasin (70% to hit)
The blast of sand hits the water moccasin.
The water moccasin is lightly wounded.
The water moccasin bites you.
Casting: Sandblast (safe; 2% risk of failure)
Confirm with . or Enter, or press ? or * to list all spells.
Aiming: Sandblast (safe; 2% risk of failure)
Press: ? - help, Shift-Dir - straight line, f/p - water moccasin
Aim: a water moccasin (lightly wounded, 70% to hit)
The blast of sand misses the water moccasin.
The water moccasin bites you. The water moccasin closely misses you.
Casting: Sandblast (safe; 2% risk of failure)
Confirm with . or Enter, or press ? or * to list all spells.
Aiming: Sandblast (safe; 2% risk of failure)
Press: ? - help, Shift-Dir - straight line, f/p - water moccasin
Aim: a water moccasin (lightly wounded, 70% to hit)
The blast of sand misses the water moccasin.
The water moccasin bites you.
You are poisoned.
The water moccasin poisons you! The water moccasin bites you.
Unknown command.
Aiming: Sandblast (safe; 2% risk of failure)
Press: ? - help, Q - select action, (/) - cycle Shift-Dir - straight line, f/p - water moccasin
Aim: a water moccasin (lightly wounded, 70% to hit)
The blast of sand hits the water moccasin!
The water moccasin is moderately wounded.
You feel very sick. The water moccasin barely misses you.
The water moccasin bites you.
You are more poisoned.
The water moccasin poisons you!
Aiming: Sandblast (safe; 2% risk of failure)
Press: ? - help, Q - select action, (/) - cycle Shift-Dir - straight line, f/p - water moccasin
Aim: a water moccasin (moderately wounded, 70% to hit)
The blast of sand misses the water moccasin.
* * * LOW HITPOINT WARNING * * *
You feel extremely sick. The water moccasin bites you!
You die...

###### # ##......## #!
###.......~..###
#$~##...~~ #~....###
###.~~..# #.~.~.##
#.~~.S@## ##.~~~~~
###~.~..### ###.~...##
#(.##~..~~####..~..###
#[ ###..~..~.~~.###
###.~....### ########


You could see a water moccasin.

Vanquished Creatures
  3 gnolls (D:2)
  2 adders (D:2)
  A river rat (D:3)
  A dart slug (D:1)
  7 ball pythons
  3 endoplasms
  6 giant cockroaches
  7 goblins
  4 hobgoblins
  3 jackals
  5 kobolds
  4 quokkas
  5 bats
  2 frilled lizards
  7 rats
60 creatures vanquished.

Notes
Turn   | Place    | Note
-------+----------+-------------------------------------------
     0 | D:1      | BarneyGumball the Octopode Earth Elementalist began the
                  | quest for the Orb.
     0 | D:1      | Reached XP level 1. HP: 11/11 MP: 3/3
   322 | D:1      | Reached XP level 2. HP: 17/17 MP: 0/5
   718 | D:1      | Reached XP level 3. HP: 21/21 MP: 4/6
  1200 | D:2      | Reached XP level 4. HP: 27/27 MP: 7/7
  1204 | D:2      | Learned a level 3 spell: Stone Arrow
  1293 | D:2      | Reached skill level 1 in Conjurations
  1854 | D:3      | Found a glowing drain.
  1901 | D:3      | Reached XP level 5. HP: 31/31 MP: 6/8
  1905 | Sewer    | Entered a sewer
  1955 | Sewer    | Noticed a water moccasin
  1963 | Sewer    | Mangled by a water moccasin

Illustrated notes

Levels and vault maps discovered:
D:1:      dpeg_arrival_radiant, layout_basic, hex_intersection
D:2:      layout_loops_ring, hangedman_decor_growths, minmay_misc_feat_tiny
D:3:      minmay_octagon_keep, layout_loops_ring,
          grunt_temple_overflow_lords_of_destruction, portal_sewer_entry_c
Sewer:    sewer_the_moccasin

Skill      XL: |  1  2  3  4 |
---------------+-------------+-----
Stealth        | 3 4 |  4.0
Conjurations   | 1 |  1.9
Earth Magic    | 4 |  4.1
Dodging        | |  2.0
Spellcasting   | |  2.6
Transmutations | |  1.0

Action                   |  1- 3 |  4- 6 || total
-------------------------+-------+-------++-------
Melee: Spear             |       |     1 ||     1
Throw: Dart              |       |     3 ||     3
 Cast: Sandblast         |    52 |    37 ||    89
 Stab: Sleeping          |       |     1 ||     1
Dodge: Dodged            |    11 |     6 ||    17

Table legend: (Time is in decaauts)
 A = Elapsed time spent in this place.
 B = Non-inter-level travel time spent in this place.
 C = Inter-level travel time spent in this place.
 D = Time resting spent in this place.
 E = Time spent auto-exploring this place.
 F = Levels seen in this place.
 G = Mean time per level.
                   A        B        C        D        E       F      G
               +--------+--------+--------+--------+--------+-----+--------+
         Total |   2007 |   1889 |    118 |    105 |   1261 |   4 |  501.8 |
       Dungeon |   1947 |   1829 |    118 |    105 |   1233 |   3 |  649.0 |
         Sewer |     59 |     59 |      0 |      0 |     28 |   1 |   59.0 |
               +--------+--------+--------+--------+--------+-----+--------+

Top non-repeatable levels by time:
     D:1: 1133 daAuts
     D:2: 742 daAuts
     D:3: 71 daAuts
   Sewer: 59 daAuts
